 Dungeon Crawl Stone Soup version 0.26-a0-259-g1effd001a9 (webtiles) character file.

Game seed: 5431672333831220680

2158840 bmfx the Executioner (level 25, 226/226 HPs)
             Began as a Deep Dwarf Transmuter on July 10, 2020.
             Was the Champion of Makhleb.
             Escaped with the Orb
             ... and 3 runes on July 11, 2020!
             The game lasted 01:55:51 (41742 turns).

bmfx the Executioner (Deep Dwarf Transmuter)       Turns: 41742, Time: 01:55:51

Health: 226/226    AC: 39    Str: 29    XL:     25   Next: 6%
Magic:  26/26      EV: 19    Int: 21    God:    Makhleb [******]
Gold:   676        SH: 17    Dex: 13    Spells: 26/28 levels left

rFire    + . .     SeeInvis +   a - +9 broad axe (freeze)
rCold    + + .     Faith    +   U - +2 kite shield
rNeg     + . .     Spirit   .   W - +4 plate armour {rF+}
rPois    .         Reflect  .   o - +2 helmet {SInv}
rElec    +         Harm     .   h - +2 cloak
rCorr    +                      m - +4 pair of gloves of Xaimoim {*Drain rElec rC+}
MR       +++..                  u - +2 pair of boots {run}
Stlth    ..........             k - amulet of faith
HPRegen  0.00/turn              n - ring of Madeamam {rElec rC+ Str+6 Int+4}
MPRegen  0.20/turn              l - +4 ring of slaying

@: non-regenerating, quick
A: damage resistance, heal wounds, talons 1, yellow scales 3, deformed body,
frail 1, negative energy resistance 1, sense surroundings 3, evolution 2, no
regeneration
0: Orb of Zot
}: 3/15 runes: decaying, serpentine, silver
a: Heal Wounds, Minor Destruction, Lesser Servant of Makhleb, Major Destruction,
Greater Servant of Makhleb, Renounce Religion


You escaped.
You worshipped Makhleb.
Makhleb was exalted by your worship.
You were not hungry.

You visited 9 branches of the dungeon, and saw 47 of its levels.
You also visited: Ice Cave.

You collected 5173 gold pieces.
You spent 4497 gold pieces at shops.


Innate Abilities, Weirdness & Mutations

You are resistant to damage.
You can heal yourself by infusing magical energy.
You resist negative energy. (rN+)
You passively map a large area around you.
You do not regenerate.
You have sharp toenails.
You are completely covered in yellow scales. (AC +4, rCorr)
Armour fits poorly on your strangely shaped body.
You are frail. (-10% HP)
You rapidly evolve.


Dungeon Overview and Level Annotations

Branches:
Dungeon (15/15)            Temple (1/1) D:5            Lair (6/6) D:9
  Swamp (4/4) Lair:2        Snake (4/4) Lair:3        Slime (0/5) Lair:5
    Orc (2/2) D:9             Elf (0/3) Orc:2        Vaults (5/5) D:13
  Crypt (0/3) Vaults:3     Depths (5/5) D:15            Zot (5/5) Depths:5
  IceCv (visited)

Altars:
Ashenzari
Cheibriados
Dithmenos
Elyvilon
Fedhas
Gozag
Hepliaklqana
Kikubaaqudgha
Makhleb
Nemelex Xobeh
Okawaru
Qazlal
Ru
Sif Muna
Trog
Uskayaw
Vehumet
Wu Jian
Xom
Yredelemnul
Zin
The Shining One
Jiyva

Shops:
D:8 :   Orc:1 *   Orc:2 }%*%   Snake:2 ![=(   Snake:3 *   Snake:4 *
Vaults:4 }*!

Portals:
Hell: Depths:2 Depths:4 Depths:5
Abyss: Depths:4 Depths:5
Pandemonium: Depths:4
Trove: Vaults:4 (give +4 storm dragon scales)


   Skills:
 - Level 20.0 Fighting
 + Level 23.5 Axes
 - Level 20.0 Armour
 - Level 20.0 Dodging
 - Level 15.0 Shields
 - Level 2.6 Unarmed Combat
 - Level 2.0 Spellcasting
 - Level 2.0 Transmutations
 - Level 15.0 Invocations
 - Level 10.0 Evocations


You had 26 spell levels left.
You knew the following spells:

 Your Spells              Type           Power        Failure   Level
B - Sticks to Snakes      Tmut           ##......     38%         2

Your spell library contained the following spells:

 Spells                   Type           Power        Failure   Level
 Beastly Appendage        Tmut           ##....       26%         1
 Sting                    Tmut/Pois      #...         38%         1
 Animate Skeleton         Necr           #.....       52%         1
 Corona                   Hex            #......      52%         1
 Foxfire                  Conj/Fire      #...         52%         1
 Pain                     Necr           #...         52%         1
 Shock                    Conj/Air       #...         52%         1
 Summon Butterflies       Summ           #.......     52%         1
 Ensorcelled Hibernation  Hex/Ice        #.....       67%         2
 Poisonous Vapours        Pois/Air       #.....       67%         2
 Sublimation of Blood     Necr           #.........   67%         2
 Swiftness                Chrm/Air       #.......     67%         2
 Spider Form              Tmut/Pois      #.........   77%         3
 Ignite Poison            Fire/Tmut/Pois #.......     82%         3
 Call Canine Familiar     Summ           #.......     88%         3
 Confusing Touch          Hex            #.......     88%         3
 Conjure Flame            Conj/Fire      #.......     88%         3
 Dazzling Flash           Conj/Hex       #.....       88%         3
 Inner Flame              Hex/Fire       #.......     88%         3
 Mephitic Cloud           Conj/Pois/Air  #.......     88%         3
 Static Discharge         Conj/Air       #.......     88%         3
 Tukima's Dance           Hex            #.......     88%         3
 Vampiric Draining        Necr           #.........   88%         3
 Airstrike                Air            #.........   99%         4
 Animate Dead             Necr           #.........   99%         4
 Cause Fear               Hex            #.........   99%         4
 Ice Form                 Ice/Tmut       #.......     99%         4
 Olgreb's Toxic Radiance  Pois           #.......     99%         4
 Petrify                  Tmut/Erth      #.......     99%         4
 Sticky Flame             Conj/Fire      #.......     99%         4
 Summon Ice Beast         Ice/Summ       #.......     99%         4
 Agony                    Necr           #.......     100%        5
 Alistair's Intoxication  Tmut/Pois      #.......     100%        5
 Blade Hands              Tmut           ##........   100%        5
 Borgnjor's Vile Clutch   Necr/Erth      #.........   100%        5
 Fireball                 Conj/Fire      #.........   100%        5
 Irradiate                Conj/Tmut      #.........   100%        5
 Lightning Bolt           Conj/Air       #.........   100%        5
 Silence                  Hex/Air        #.........   100%        5
 Summon Mana Viper        Hex/Summ       #.......     100%        5
 Yara's Violent Unravell  Hex/Tmut       #.........   100%        5
 Darkness                 Hex            #.........   100%        6
 Eringya's Noxious Bog    Tmut/Pois      #.........   100%        6
 Hydra Form               Tmut           ##........   100%        6
 Shadow Creatures         Summ           N/A          100%        6
 Statue Form              Tmut/Erth      #........    100%        6
 Dragon Form              Tmut           ##........   100%        7
 Summon Hydra             Summ           #.........   100%        7
 Discord                  Hex            #.........   100%        8

Action                   |  1- 3 |  4- 6 |  7- 9 | 10-12 | 13-15 | 16-18 | 19-21 | 22-24 | 25-27 || total
-------------------------+-------+-------+-------+-------+-------+-------+-------+-------+-------++-------
Melee: Unarmed           |   209 |    31 |       |       |       |       |       |       |       ||   240
       Headbutt          |     5 |       |       |       |       |       |       |       |       ||     5
       Kick              |     8 |       |       |       |       |       |       |       |       ||     8
       Punch             |     1 |     1 |     7 |     7 |     8 |       |       |       |       ||    24
       War axe           |       |   165 |   528 |  1192 |  1917 |    34 |       |       |       ||  3836
       Broad axe         |       |       |       |       |       |  1514 |  1332 |  1279 |    21 ||  4146
Throw: Dart              |     9 |    14 |     8 |       |       |       |       |       |       ||    31
 Cast: Beastly Appendage |    20 |       |       |       |       |       |       |       |       ||    20
       Sticks to Snakes  |     2 |       |       |       |       |       |       |       |       ||     2
Invok: Lesser Servant of |       |       |       |     1 |     6 |       |       |       |       ||     7
       Greater Servant o |       |       |       |       |       |    12 |     5 |     3 |       ||    20
 Abil: Heal Wounds       |     2 |     4 |     7 |    12 |     7 |     4 |     4 |     3 |       ||    43
       Evoke Flight      |       |       |       |       |       |     1 |       |       |       ||     1
Evoke: Wand              |       |       |     4 |    17 |    20 |     8 |     5 |    10 |       ||    64
       Tin of tremorston |       |       |       |       |       |       |     3 |     3 |       ||     6
  Use: Scroll            |     1 |     8 |     6 |     9 |    10 |    14 |    12 |     7 |     1 ||    68
       Potion            |       |       |     1 |       |     3 |     5 |     2 |    18 |     6 ||    35
 Stab: Paralysed         |       |       |     1 |       |     3 |       |     1 |     1 |       ||     6
       Distracted        |       |       |       |       |     3 |    11 |       |     5 |       ||    19
       Confused          |       |       |       |       |       |     1 |     1 |     3 |       ||     5
       Invisible         |       |       |       |       |       |       |       |    11 |       ||    11
  Eat: Ration            |     1 |     2 |     2 |     5 |     8 |     7 |     5 |     4 |       ||    34
Armor: Robe              |    24 |       |       |       |       |       |       |       |       ||    24
       Plate armour      |    79 |   136 |   363 |   687 |  1127 |   936 |   403 |   591 |    12 ||  4334
Dodge: Dodged            |   106 |    55 |   130 |   372 |   619 |   482 |   366 |   597 |    15 ||  2742
Block: Kite shield       |       |       |       |       |   559 |   938 |   641 |   687 |    23 ||  2848

Skill      XL: |  1  2  3  4  5  6  7  8  9 10 11 12 13 14 15 16 17 18 19 20 21 22 23 24 |
---------------+-------------------------------------------------------------------------+-----
Fighting       | 1 2 4 6 8 12 14 15 16 19 20 | 20.0
Spellcasting   | 2 |  2.0
Transmutations | 2 |  2.0
Axes           | 2 5 7 9 10 11 14 17 18 19 20 23 | 23.5
Armour         | 7 8 10 12 14 15 18 20 | 20.0
Evocations     | 4 6 7 10 | 10.0
Invocations    | 3 6 12 15 | 15.0
Dodging        | 8 15 17 20 | 20.0
Shields        | 10 12 15 | 15.0
Unarmed Combat | |  2.6

Inventory:

Hand Weapons
 a - a +9 broad axe of freezing (weapon)
Missiles
 y - 2 throwing nets (quivered) {!f}
Armour
 h - a +2 cloak (worn)
 m - the +4 pair of gloves of Xaimoim (worn) {*Drain rElec rC+}
   (You acquired it on level 2 of the Swamp)

   It protects you from cold.
   It insulates you from electricity.
   It causes draining when unequipped.
 o - a +2 helmet of see invisible (worn)
 u - a +2 pair of boots of running (worn)
 U - a +2 kite shield (worn)
 W - a +4 plate armour of fire resistance (worn)
Jewellery
 c - an uncursed ring of see invisible
 g - an uncursed ring of flight
 k - an amulet of faith (around neck)
 l - a +4 ring of slaying (right hand)
 n - the ring of Madeamam (left hand) {rElec rC+ Str+6 Int+4}
   (You took it off a salamander on level 3 of the Snake Pit)

   [ring of strength]

   It affects your strength (+6).
   It affects your intelligence (+4).
   It protects you from cold.
   It insulates you from electricity.
 P - an uncursed ring of fire
 S - an uncursed ring of protection from magic
 Y - an uncursed ring of poison resistance
Wands
 w - a wand of polymorph (36)
 z - a wand of iceblast (52)
 B - a wand of disintegration (22)
 C - a wand of digging (1)
 F - a wand of acid (47)
 L - a wand of paralysis (1)
 Q - a wand of enslavement (22)
 T - a wand of clouds (16)
Scrolls
 e - 24 scrolls of remove curse {@r4}
 f - 23 scrolls of teleportation {@r1}
 i - 5 scrolls of blinking {@r2}
 p - a scroll of fog
 D - 10 scrolls of identify {@r3}
 G - 2 scrolls of holy word
 H - 5 scrolls of fear
 I - a scroll of summoning
 V - a scroll of magic mapping
 X - a scroll of silence
 Z - a scroll of vulnerability
Potions
 j - 8 potions of curing {@q2}
 q - 2 potions of stabbing
 r - 4 potions of might
 t - 2 potions of mutation
 v - 12 potions of heal wounds {@q1}
 x - a potion of ambrosia
 J - a potion of cancellation
 O - a potion of berserk rage
 R - 2 potions of flight
Miscellaneous
 b - a lightning rod (4/4)
 s - a tin of tremorstones (3/3)
 A - 3 phantom mirrors
 K - a box of beasts
 M - a phial of floods
Comestibles
 d - 109 rations

###...##.#..# ## ##.......#
.........#..# ##≈# #......#.##
............♣♣ ♣#)♣# ♣#........)
..>.#....#.#≈♣♣#.♣.#♣#♣#.#.......
##..#....##♣...........#♣#.#.#.#.
##..#....# #...........≈##.#.#.#.
.........# ♣..#######..♣##.#.....
###.#.##.#♣#..#.....#..###.###.##
....#....♣#...#.@...+...♣#.# #.#
#####..#.♣.♣..#P..P.#..#.♣.# #.#
#.......#♣...#.....'...♣♣.###.#
##.#########..#....P#..#♣#.##..#
.........# ♣..#######..♣ #.##..#
##.#####.# ♣...........♣ #.....#
.....#.#.#♣#...........# #####.#
.#.#.#.....#♣♣##.#.♣♣#♣♣ #.#
.#.#.#.#.#.# ##.## #.#


There were no monsters in sight!

Vanquished Creatures
  5 orbs of fire (Zot:5)
  3 ancient liches
  3 Killer Klowns (Zot:5)
  Saint Roka (Vaults:2)
  5 golden dragons
  Vashnia (Snake:2)
  2 curse toes
  Nikola (Vaults:2)
  A bone dragon (Swamp:4)
  An electric golem (Zot:5)
  A Brimstone Fiend (Depths:5)
  14 tentacled monstrosities
  An Ice Fiend (Zot:5)
  22 Orb Guardians
  2 liches
  3 titans
  6 quicksilver dragons
  Gastronok (D:8)
  The ghost of Rifaon the Fencer, an adept DsBe of Trog (Snake:3)
  3 sphinxes
  5 death cobs
  8 storm dragons
  5 shadow dragons
  2 thorn hunters
  A tengu reaver (Vaults:5)
  10 draconian monks
  4 iron dragons
  20 vault wardens
  4 frost giants
  12 nagarajas
  2 draconian scorchers (Zot:3)
  A draconian knight (Zot:5)
  Aizul (Vaults:1)
  The ghost of Roojamal the Lord of Darkness, a journeyman DsNe of Kikubaaqudgha (D:15)
  2 deep elf elementalists (Vaults:5)
  10 fire giants
  8 ironheart preservers
  A ghost moth (Zot:2)
  A draconian shifter (Zot:3)
  3 draconian stormcallers
  7 draconian annihilators
  3 war gargoyles (Vaults:5)
  14 stone giants
  3 very ugly things
  A vampire knight (Depths:4)
  2 deep elf demonologists (Depths:4)
  7 green draconians
  Azrael (Snake:2)
  7 black draconians
  11 purple draconians
  7 yellow draconians
  7 spark wasps
  7 white draconians
  10 ettins
  A merfolk javelineer (D:15)
  7 red draconians
  2 crystal guardians
  The ghost of Ge0ff the Frost Mage, a journeyman MfIE of Fedhas (D:11)
  5 great orbs of eyes
  7 yaktaur captains
  A deep elf high priest (Vaults:5)
  3 fire dragons
  39 vault guards
  9 ice dragons
  4 rakshasas
  6 ghost crabs
  17 naga warriors
  4 shambling mangroves
  13 anacondas
  11 centaur warriors
  6 spriggan air magi
  17 hydras
  9 alligators
  A death knight (Vaults:2)
  An alligator (shapeshifter) (Vaults:2)
  4 deep troll shamans
  29 two-headed ogres
  10 ogre magi
  3 death yaks (Lair:6)
  3 spriggan berserkers (Depths:5)
  Urug (Lair:4)
  16 naga sharpshooters
  A soul eater (Depths:2)
  4 deep troll earth magi
  2 tengu warriors
  A storm dragon zombie (Vaults:5)
  A vampire mage (Depths:5)
  A titan zombie (Vaults:3)
  A deep elf knight (Vaults:3)
  9 shock serpents
  A hell knight (Depths:2)
  Nergalle (D:10)
  3 salamander mystics
  2 storm dragon skeletons (Vaults:3)
  A shadow wraith (Vaults:5)
  17 skeletal warriors
  7 deep trolls
  A fire crab (shapeshifter) (Depths:2)
  9 sea snakes (Snake:4)
  A sixfirhy (D:15)
  A spriggan druid (Swamp:4)
  6 glowing orange brains
  2 unseen horrors
  3 spectral hydras (Swamp:4)
  26 ironbrand convokers
  A wizard (D:14)
  4 naga ritualists
  4 flayed ghosts
  4 swamp dragons
  5 lindwurms
  7 harpies
  12 mana vipers
  16 orc knights
  4 phantasmal warriors
  A sphinx zombie (Vaults:3)
  3 orc sorcerers
  A tengu skeleton (Vaults:3)
  A wolf spider (shapeshifter) (Vaults:5)
  5 necromancers
  2 human zombies (Vaults:2)
  6 deep elf magi
  4 wolf spiders
  32 ugly things
  12 salamanders
  A sphinx skeleton (Vaults:2)
  7 cyclopes
  2 manticores
  Joseph (D:10)
  6 human skeletons
  5 elephants
  20 naga magi
  The ghost of SamuraiZach the Ruffian, a novice TrBe of Trog (D:5)
  11 moths of wrath
  9 guardian serpents
  Maurice (D:10)
  16 vault sentinels
  A frost giant skeleton (Vaults:3)
  A water nymph (shapeshifter) (Depths:3)
  33 black mambas
  3 gargoyles
  A torpor snail (Lair:6)
  22 cane toads
  A rime drake (shapeshifter) (Depths:4)
  5 spectral swamp worms (Depths:5)
  A hellion (Zot:4)
  2 kobold demonologists
  3 swamp worm zombies (Swamp:4)
  5 rime drakes (Lair:6)
  Maggie (D:9)
  57 yaktaurs
  9 komodo dragons
  3 centaur skeletons
  4 hydra zombies
  5 freezing wraiths
  A yaktaur skeleton (Vaults:3)
  2 hellwings (Depths:2)
  2 tengu conjurers
  An ice devil (IceCv)
  3 red devils (Depths:2)
  A merfolk (shapeshifter) (Vaults:1)
  A jumping spider (shapeshifter) (Vaults:1)
  3 polar bears (Lair:5)
  8 tyrant leeches
  Grinder (D:6)
  4 wind drakes (Depths:5)
  15 hornets
  8 trolls
  A sphinx simulacrum (Vaults:3)
  31 slime creatures
  8 dream sheep (Lair:6)
  4 spectral swamp dragons (Swamp:4)
  10 bog bodies
  18 blink frogs
  7 hippogriffs
  A stone giant simulacrum (Vaults:3)
  7 alligator zombies
  A hippogriff (shapeshifter) (D:15)
  A redback (shapeshifter) (Vaults:2)
  3 shadows
  Sigmund (D:3)
  49 yaks
  7 water elementals
  A centaur simulacrum (D:15)
  2 vampires
  4 ettin skeletons (Vaults:3)
  4 spriggans
  2 wyverns (D:11)
  5 wraiths
  Eustachio (D:6)
  5 basilisks
  A chaos spawn (Zot:4)
  4 hogs (D:7)
  A human (D:7)
  2 steam dragons (Lair:6)
  2 fire elementals (Snake:2)
  2 golden eyes (shapeshifter)
  15 vampire mosquitoes
  14 swamp worms
  23 insubstantial wisps
  2 acid dragons
  5 wargs
  20 water moccasins
  7 hell hounds
  51 nagas
  A floating eye (Depths:5)
  8 swamp drakes
  9 porcupines
  An ice beast (D:10)
  2 sky beasts (D:5)
  A hornet zombie (D:14)
  4 black bears
  An elf zombie (Vaults:5)
  A necrophage (D:9)
  34 orc warriors
  11 phantoms
  4 swamp dragon zombies (Swamp:4)
  9 wolves
  40 ogres
  8 boggarts (Vaults:3)
  14 centaurs
  17 crocodiles
  A komodo dragon zombie (Swamp:3)
  3 big kobolds
  19 bullfrogs
  A gnoll sergeant (D:8)
  3 wyvern zombies
  A water moccasin zombie (Swamp:3)
  3 scorpions
  4 killer bees (D:13)
  15 wights
  6 howler monkeys
  An electric eel (D:15)
  A crimson imp (Depths:2)
  2 bullfrog zombies
  A centaur zombie (D:10)
  A wyvern simulacrum (D:14)
  A quasit (D:11)
  13 orc priests
  5 jellies
  2 gnoll shamans
  5 hounds
  31 orc wizards
  4 bullfrog skeletons
  7 iguanas
  6 worker ants
  A killer bee zombie (D:7)
  3 hound skeletons
  A worker ant zombie (D:5)
  10 gnolls
  9 adders
  2 swamp drake zombies
  2 white imps
  An adder skeleton (D:5)
  2 adder zombies
  A worm (D:4)
  A dart slug (D:5)
  9 leopard geckos
  97 orcs
  A ball python (D:3)
  9 bats
  8 giant cockroaches
  7 hobgoblins
  4 jackals
  24 kobolds
  7 quokkas
  7 frilled lizards
  5 goblins
  A jackal zombie (D:5)
  A leopard gecko skeleton (D:5)
  4 quokka skeletons
  7 rats
  3 briar patches (Swamp:2)
  3 crawling corpses (Vaults:5)
  A fungus (Lair:6)
  3 plants (Lair:6)
1864 creatures vanquished.

Vanquished Creatures (collateral kills)
  Mara (Snake:4)
  A tentacled monstrosity (Vaults:5)
  3 Orb Guardians (Zot:5)
  A titan (Vaults:5)
  A thorn hunter (Swamp:1)
  A storm dragon (shapeshifter) (Vaults:5)
  A tengu reaver (Vaults:5)
  Donald (Snake:2)
  A stone giant (Vaults:2)
  Josephine (D:10)
  A deep elf high priest (Vaults:5)
  2 naga warriors (Snake:3)
  A hydra (Swamp:1)
  An anaconda (Snake:2)
  3 naga sharpshooters (Snake:2)
  2 skeletal warriors (D:15)
  A deep elf knight (D:15)
  A deep elf archer (D:15)
  An orc knight (D:15)
  2 mana vipers (Snake:2)
  2 ugly things (Vaults:1)
  A cane toad (Swamp:2)
  2 yaktaurs
  2 wraiths (D:10)
  2 nagas
  A worm (D:2)
37 creatures vanquished.

Vanquished Creatures (others)
  An unseen horror (D:13)
  A wolf spider (Lair:6)
  A yaktaur (Vaults:5)
  A bog body (Swamp:1)
  3 insubstantial wisps (Swamp:4)
  2 orc warriors (Vaults:2)
  2 swamp drakes
  An orc wizard (Vaults:2)
  6 ufetubi (IceCv)
  An orc (Vaults:2)
  A briar patch (Swamp:2)
  A bush (D:9)
  2 fungi
  18 plants
41 creatures vanquished.

Grand Total: 1942 creatures vanquished

Levels and vault maps discovered:
D:1:      saegor_arrival_under_anarchy, layout_basic
D:2:      layout_basic, first_ration
D:3:      layout_rooms, old_standard_altar, uniq_sigmund
D:4:      cheibrodos_quashed, layout_rooms, kennysheep_mini,
          cheibrodos_sewer_entry_bend
D:5:      layout_cave_pools, minmay_temple_entry_fiery,
          hellmonk_ghost_happy_afterlife
D:6:      layout_basic, nicolae_ru_great_annihilating_truth, old_standard_altar,
          minmay_holes, uniq_eustachio, uniq_grinder
D:7:      layout_rooms, basic_altar, grunt_livestock, patterned_corridor
D:8:      layout_loops_ring, serial_shops, shop, uniq_gastronok
D:9:      cheibrodos_helix_gallery, layout_basic, minmay_lair_entry_grove,
          item_on_display_a, uniq_maggie
D:10:     layout_roguey, uniq_maurice, uniq_sonja, uniq_nergalle,
          uniq_josephine, uniq_joseph
D:11:     layout_rooms, gammafunk_ghost_arena
D:12:     layout_basic
D:13:     layout_cave_pools, lightli_vaults_fourway_checkpoint,
          serial_bayou_lagoon_a
D:14:     layout_basic
D:15:     grunt_enter_depths_giant_problem, layout_cross, serial_bayou,
          serial_bayou_pond_a, serial_bayou_pond_d, serial_bayou_shore_a,
          serial_bayou_ford_a, gammafunk_ghost_fury_of_okawaru,
          minmay_misc_feat_doors
Temple:   hc_temple_tempest_star
Lair:1:   layout_roguey
Lair:2:   layout_loops_ring, skrybe_swamp_entry_bodies
Lair:3:   layout_roguey, guppyfry_snake_entry_island, enter_volcano_4
Lair:4:   layout_cave_pods, uniq_urug
Lair:5:   layout_cave_shapes, slime_altar_1,
          portal_ice_cave_entry_animals_and_master
Lair:6:   hangedman_lair_in_review, layout_regular_city,
          guppyfry_lair_end_dragon, minivault_23
Swamp:1:  layout_basic_swamp, nicolae_swamp_treefoil
Swamp:2:  layout_falls_marsh, evilmike_swamp_ruin_house_4, swamp_pool1
Swamp:3:  layout_basic_swamp, hangedman_swamp_ruin_hall, swamp_pool5,
          nicolae_swamp_round_clearing, nicolae_swamp_necromancer_hut
Swamp:4:  swamp_pestilence, layout_basic_swamp
Snake:1:  layout_concentric_octagons
Snake:2:  layout_gridlike, serial_shops, shop_fountains, minmay_shop_star,
          uniq_donald, uniq_azrael, uniq_vashnia
Snake:3:  layout_basic, serial_shops, nicolae_shop_statue_plus,
          gammafunk_ghost_wrathful_warriors, abandoned_shop,
          nrook_loot_triangle, guppyfry_library_mini
Snake:4:  grunt_snake_rune_pools, layout_basic, serial_shops,
          nicolae_shop_trees, uniq_mara
Orc:1:    layout_caves, serial_shops, shop
Orc:2:    st_orc_ogre_mass, layout_caves
Vaults:1: hangedman_vaults_trim, hangedman_vaults_corner_blocks,
          nicolae_vaults_network_square, vaults_room_pools,
          vaults_room_door_hall, layout_vaults_omnigrid, uniq_aizul
Vaults:2: nicolae_vaults_specimen_jars, v_rooms_6, v_misc_24, v_rooms_6,
          ontoclasm_vaults_claustrophobia, dpeg_vaults_monster_box,
          ontoclasm_vaults_eye, nicolae_vaults_border_crossing,
          vaults_room_hangedman_quadrants, layout_vaults_big_room,
          uniq_saint_roka, uniq_nikola
Vaults:3: hangedman_vaults_stagger, minmay_crypt_entry_skeletal_spiral,
          v_alt_pattern_5, v_misc_11, vaults_dpeg_ring, hangedman_vaults_corner,
          nicolae_vaults_network_quincunx
          [nicolae_vaults_network_quincunx_subvault,
          nicolae_vaults_network_quincunx_subvault,
          nicolae_vaults_network_quincunx_subvault,
          nicolae_vaults_network_quincunx_subvault,
          nicolae_vaults_network_quincunx_subvault], vaults_mumra_chevron_long,
          nicolae_vaults_little_squares_6, vaults_dpeg_diagonal,
          ontoclasm_vaults_decontamination, hangedman_vaults_trim,
          vaults_mumra_chevron, layout_vaults_omnibox
Vaults:4: v_misc_15, ontoclasm_vaults_fault, ontoclasm_vaults_twist,
          vaults_room_door_hall, ontoclasm_vaults_ring_small,
          vaults_room_door_ring, vaults_room_semicircle, hangedman_vaults_snaps,
          hangedman_vaults_hard_town_square, nicolae_vaults_theta,
          ontoclasm_vaults_chip, v_rooms_5, nicolae_vaults_ring_of_whatevers,
          nicolae_vaults_little_squares_2, v_misc_17,
          nicolae_vaults_shelves_hall, v_pattern_5, layout_vaults_ring,
          enter_trove_2
Vaults:5
Depths:1: minmay_box_of_curves, layout_basic, pf_coc_iceberg, ebering_ghost_xom,
          serial_shops, nicolae_shop_statue_plus, st_stairs_14, drop_trap,
          nicolae_rare_books, guppyfry_shop_earth
Depths:2: minmay_connected_boxes_in_corner, layout_cave_pools,
          serial_bayou_shore_b, hellmouth_3, kennysheep_generic_room_2
Depths:3: gammafunk_mikee_crab_dinner, layout_basic, enter_ziggurat_a,
          hell_entry, rand_demon_pan_entry_1, lemuel_crystal_altar,
          hangedman_stitches_earthworm, minmay_shop_grove,
          minmay_staircase_windowed_large
Depths:4: minmay_glassy_protrusions, layout_long_grid, nicolae_two_hexagons,
          abyss_entry, hell_entry, pan_entry, kennysheep_generic_room_6
Depths:5: lemuel_castle_with_subvaults [lemuel_castle_interior_carwin_3],
          layout_gridlike, abyss_entry_crystal, pf_hell_entry_tar_river
Zot:1:    layout_cathedral_of_symmetry
Zot:2:    layout_basic, not_door_vault_due
Zot:3:    layout_onion, st_stairs_8
Zot:4:    layout_gridlike
Zot:5:    layout_cathedral_of_symmetry, st_stairs_3, skrybe_zot_glass_2


Message History

An Orb Guardian comes into view.
There is an open door here.
You slice the Orb Guardian!! You freeze the Orb Guardian!
The Orb Guardian is moderately wounded.
The Orb Guardian hits you but does no damage.
You slice the Orb Guardian!! You freeze the Orb Guardian!
The Orb Guardian is almost dead.
You block the Orb Guardian's attack.
You slice the Orb Guardian!! You freeze the Orb Guardian.
You kill the Orb Guardian!
Makhleb accepts your kill.
You feel your strength returning.
No target in view!
You see here a scale mail.
There is a stone staircase leading up here.
You climb upwards.
There is a stone staircase leading down here.
There is an open door here.
There is a staircase leading out of the dungeon here.
You have escaped!

Notes
Turn   | Place    | Note
-------+----------+-------------------------------------------
     0 | D:1      | bmfx the Deep Dwarf Transmuter began the quest for the Orb.
     0 | D:1      | Reached XP level 1. HP: 16/16 MP: 3/3
    33 | D:1      | Reached skill level 1 in Fighting
   239 | D:1      | Reached XP level 2. HP: 16/25 MP: 3/5
   243 | D:1      | Learned a level 2 spell: Sticks to Snakes
  1110 | D:2      | Reached XP level 3. HP: 33/33 MP: 3/6
  1476 | D:2      | Reached skill level 1 in Axes
  1743 | D:2      | Reached skill level 2 in Axes
  1796 | D:2      | Reached XP level 4. HP: 31/40 MP: 7/7
  2098 | D:3      | Found a basalt altar of Yredelemnul.
  2120 | D:3      | Noticed Sigmund
  2451 | D:2      | Reached skill level 3 in Axes
  2526 | D:3      | Killed Sigmund
  2526 | D:3      | Reached skill level 5 in Axes
  2526 | D:3      | Reached XP level 5. HP: 39/46 MP: 2/8
  2526 | D:3      | Reached XP level 6. HP: 46/55 MP: 3/9
  2930 | D:3      | Reached skill level 6 in Axes
  3263 | D:4      | Found a glowing drain.
  3426 | D:4      | Found an ornate altar of the Wu Jian Council.
  3518 | D:5      | Entered Level 5 of the Dungeon
  3552 | D:5      | Reached skill level 7 in Axes
  3573 | D:5      | Found a runed translucent door.
  3573 | D:5      | Noticed SamuraiZach's ghost (novice TrBe)
  3607 | D:5      | Reached XP level 7. HP: 55/61 MP: 3/9
  3699 | D:5      | Reached skill level 8 in Axes
  3921 | D:5      | Reached skill level 9 in Axes
  4068 | D:5      | Found a staircase to the Ecumenical Temple.
  4074 | Temple   | Entered the Ecumenical Temple
  4396 | D:6      | Reached XP level 8. HP: 41/68 MP: 3/9
  4605 | D:6      | Found a burning altar of Makhleb.
  4632 | D:6      | Became a worshipper of Makhleb the Destroyer
  4683 | D:6      | Found a sacrificial altar of Ru.
  4787 | D:6      | Noticed Eustachio
  4807 | D:6      | Reached skill level 10 in Axes
  4819 | D:6      | Killed Eustachio
  5158 | D:6      | Noticed Grinder
  5263 | D:7      | Found a shadowy altar of Dithmenos.
  5370 | D:7      | Reached skill level 5 in Armour
  5797 | D:7      | Gained mutation: You passively map the area around you.
                  | [Deep Dwarf growth]
  5797 | D:7      | Reached XP level 9. HP: 65/74 MP: 10/10
  5829 | D:7      | Reached * piety under Makhleb
  5936 | D:8      | Found Fudunu's Book Shoppe.
  6208 | D:8      | Noticed a two-headed ogre
  6367 | D:8      | Reached skill level 1 in Evocations
  6380 | D:8      | Reached ** piety under Makhleb
  6404 | D:8      | Noticed Gastronok
  6533 | D:8      | Reached skill level 11 in Axes
  6574 | D:9      | Found a staircase to the Lair.
  6632 | D:9      | Reached XP level 10. HP: 85/87 MP: 11/11
  6661 | D:9      | Reached skill level 5 in Evocations
  6992 | D:9      | Found a staircase to the Orcish Mines.
  6993 | D:9      | Noticed Maggie
  7015 | D:9      | Killed Maggie
  7015 | D:9      | Reached skill level 12 in Axes
  7116 | D:9      | Reached *** piety under Makhleb
  7600 | D:10     | Entered Level 10 of the Dungeon
  7600 | D:10     | Noticed a manticore
  7612 | D:10     | Killed a manticore
  7612 | D:10     | Reached skill level 13 in Axes
  7671 | D:10     | Noticed a centaur warrior
  7686 | D:10     | Killed a centaur warrior
  7699 | D:10     | Noticed Joseph
  7747 | D:10     | Killed Joseph
  7821 | D:10     | Noticed Maurice
  7861 | D:10     | Killed Maurice
  7861 | D:10     | Reached skill level 14 in Axes
  7864 | D:10     | Reached XP level 11. HP: 92/92 MP: 11/11
  7912 | D:10     | Noticed Josephine
  7922 | D:10     | Killed Josephine
  7930 | D:10     | Reached skill level 5 in Invocations
  8084 | D:10     | Reached **** piety under Makhleb
  8127 | D:10     | Noticed Sonja
  8128 | D:10     | Noticed Sonja
  8128 | D:10     | Sonja changed into Sonja the black mamba
  8148 | D:10     | Killed Sonja the black mamba
  8370 | D:10     | Noticed Nergalle
  8391 | D:10     | Killed Nergalle
  8391 | D:10     | Reached skill level 5 in Dodging
  8630 | D:11     | Noticed a green ugly thing
  8642 | D:11     | Killed a green ugly thing
  8683 | D:11     | Noticed Ge0ff's ghost (journeyman MfIE)
  8684 | D:11     | Found a transporter.
  8710 | D:11     | Noticed a two-headed ogre
  8715 | D:11     | Killed a two-headed ogre
  8732 | D:11     | Reached skill level 5 in Fighting
  8950 | D:11     | Found a transporter.
  9345 | Lair:1   | Entered Level 1 of the Lair of Beasts
  9426 | Lair:1   | Reached XP level 12. HP: 105/105 MP: 11/11
  9556 | Lair:1   | Reached ***** piety under Makhleb
  9957 | Lair:1   | Noticed a five-headed hydra
  9963 | Lair:1   | Killed a one-headed hydra
 10548 | Lair:2   | Found a staircase to the Swamp.
 10896 | Lair:2   | Reached skill level 10 in Evocations
 11129 | Lair:3   | Found a dark tunnel.
 11132 | Lair:3   | 2nd portal mimic in one game? come on crawl
 11192 | Lair:3   | Found a staircase to the Snake Pit.
 11344 | Lair:3   | Noticed an eight-headed hydra
 11352 | Lair:3   | Killed a six-headed hydra
 12035 | Lair:4   | Noticed Urug
 12098 | Lair:4   | Killed Urug
 12397 | Lair:4   | Noticed a five-headed hydra
 12409 | Lair:4   | Killed a one-headed hydra
 12409 | Lair:4   | Reached skill level 10 in Armour
 12409 | Lair:4   | Reached XP level 13. HP: 103/117 MP: 10/10
 12459 | Lair:4   | Reached skill level 15 in Axes
 13036 | Lair:5   | Found a staircase to the Slime Pits.
 13036 | Lair:5   | Found a viscous altar of Jiyva.
 13133 | Lair:5   | Reached ****** piety under Makhleb
 13184 | Lair:5   | Found a frozen archway.
 13193 | IceCv    | Entered an ice cave
 13583 | Lair:6   | Entered Level 6 of the Lair of Beasts
 13689 | Lair:6   | Reached skill level 16 in Axes
 13745 | Lair:6   | wojtek: bad icecave?
 13753 | Lair:6   | bmfx: i don't like the ones with clouds
 13753 | Lair:6   | bmfx: especially demonic one
 13766 | Lair:6   | wojtek: ahh, I see
 14054 | Lair:6   | Reached skill level 17 in Axes
 14114 | Lair:6   | Gained mutation: You resist negative energy. (rN+) [Deep
                  | Dwarf growth]
 14114 | Lair:6   | Reached XP level 14. HP: 86/126 MP: 11/11
 14939 | D:8      | Killed Gastronok
 15039 | D:6      | Killed Grinder
 15422 | D:12     | Reached skill level 18 in Axes
 15977 | D:12     | Reached skill level 1 in Shields
 16413 | D:13     | Found a gate to the Vaults.
 16463 | D:13     | Reached skill level 5 in Shields
 17087 | D:14     | Got an encrusted chain mail
 17653 | D:14     | Identified the +1 chain mail "Jameg" {rC- rN++ Int+3 SInv}
                  | (You found it on level 14 of the Dungeon)
 17945 | D:15     | Entered Level 15 of the Dungeon
 17945 | D:15     | Found a staircase to the Depths.
 17945 | D:15     | Noticed a fire giant
 18040 | D:15     | Killed a fire giant
 18040 | D:15     | Reached skill level 10 in Shields
 18117 | D:15     | Reached XP level 15. HP: 134/134 MP: 12/12
 18271 | D:15     | Found a runed translucent gate.
 18271 | D:15     | Found a runed translucent gate.
 18287 | D:15     | Found a runed translucent gate.
 18288 | D:15     | Noticed a fire giant
 18288 | D:15     | Noticed Roojamal's ghost (journeyman DsNe)
 18289 | D:15     | Found the +8 autumn katana {vorpal, Clar}
 18289 | D:15     | Found an iron altar of Okawaru.
 18547 | Orc:1    | Entered Level 1 of the Orcish Mines
 18597 | Orc:1    | Found Buor's General Store.
 18966 | Orc:2    | Entered Level 2 of the Orcish Mines
 19107 | Orc:2    | Found Kummo's General Store.
 19107 | Orc:2    | Found Hauma's Food Shop.
 19112 | Orc:2    | Found Siadac's Gadget Boutique.
 19112 | Orc:2    | Found Plog's Food Emporium.
 19144 | Orc:2    | Reached skill level 10 in Fighting
 19185 | Orc:2    | Bought a tin of tremorstones (3/3) for 560 gold pieces
 19185 | Orc:2    | Bought a wand of enslavement (11) for 182 gold pieces
 19185 | Orc:2    | Bought a wand of acid (8) for 336 gold pieces
 19185 | Orc:2    | Bought a wand of acid (7) for 308 gold pieces
 19185 | Orc:2    | Bought a wand of acid (5) for 252 gold pieces
 19185 | Orc:2    | Bought a wand of acid (5) for 252 gold pieces
 19367 | Orc:2    | Found a staircase to the Elven Halls.
 19639 | Orc:2    | :(
 19639 | Orc:2    | wojtek: not buying the brand weapon for broad axes?
 19639 | Orc:2    | bmfx: i might need money to buy a broad axe first
 19773 | Swamp:1  | Entered Level 1 of the Swamp
 19891 | Swamp:1  | Noticed a thorn hunter
 20116 | Swamp:1  | Killed a thorn hunter
 21091 | Swamp:2  | Noticed a thorn hunter
 21111 | Swamp:2  | Killed a thorn hunter
 21111 | Swamp:2  | Reached XP level 16. HP: 99/152 MP: 12/14
 21319 | Swamp:2  | Identified 2 scrolls of acquirement
 21320 | Swamp:2  | Acquired the +4 pair of gloves of Xaimoim {*Drain rElec
                  | rC+}
 21321 | Swamp:2  | Acquired a +4 broad axe of freezing
 21704 | Swamp:3  | Noticed a thorn hunter
 21712 | Swamp:3  | Killed a thorn hunter
 21829 | Swamp:3  | Got a brightly glowing ring mail
 21840 | Swamp:3  | Identified the +4 ring mail "Kiawkuom" {*Slow +Fly rC+++
                  | rCorr} (You found it on level 3 of the Swamp)
 22261 | Swamp:4  | Entered Level 4 of the Swamp
 22435 | Swamp:4  | Reached skill level 10 in Invocations
 22992 | Swamp:4  | Noticed a bone dragon
 23035 | Swamp:4  | Killed a bone dragon
 23047 | Swamp:4  | Got a decaying rune of Zot
 23259 | Snake:1  | Entered Level 1 of the Snake Pit
 24045 | Snake:1  | Reached XP level 17. HP: 153/159 MP: 19/19
 24153 | Snake:2  | Found Pitocw's Weapon Shop.
 24164 | Snake:2  | Found Huprouku's Jewellery Boutique.
 24186 | Snake:2  | Found Zozu's Antique Armour Shop.
 24460 | Snake:2  | Reached skill level 15 in Armour
 24462 | Snake:2  | Noticed Donald
 24476 | Snake:2  | Killed Donald
 24485 | Snake:2  | Found Suneuh's Distillery.
 24529 | Snake:2  | Noticed Vashnia
 24561 | Snake:2  | Killed Vashnia
 24864 | Snake:2  | Noticed Azrael
 24876 | Snake:2  | Killed Azrael
 25174 | Snake:3  | Found Roffe's Assorted Antiques.
 25212 | Snake:3  | Reached skill level 15 in Invocations
 25755 | Snake:3  | Identified the +8 dire flail of the Skies Above {antimagic,
                  | Dex+7}
 25760 | Snake:3  | Noticed Rifaon's ghost (adept DsBe)
 25770 | Snake:3  | Found a transporter.
 25770 | Snake:3  | Found a transporter.
 25771 | Snake:3  | Identified the +3 mace of Kaha {freeze, *Rage rElec rC+
                  | Int+3}
 25780 | Snake:3  | Found a bloodstained altar of Trog.
 25786 | Snake:3  | Identified the cursed +3 mace "Zosmonyc" {speed, rElec rF-
                  | Str+4 Dex+3}
 25796 | Snake:3  | Identified the ring of Madeamam {rElec rC+ Str+6 Int+4}
 25829 | Snake:4  | Entered Level 4 of the Snake Pit
 26049 | Snake:4  | Found Fykhlap's Assorted Antiques.
 26227 | Snake:4  | Noticed Mara
 26254 | Snake:4  | Killed Mara
 26254 | Snake:4  | Reached skill level 15 in Shields
 26295 | Snake:4  | Gained mutation: You passively map a large area around you.
                  | [Deep Dwarf growth]
 26295 | Snake:4  | Reached XP level 18. HP: 137/168 MP: 22/22
 26485 | Snake:4  | Reached skill level 10 in Dodging
 26936 | Snake:4  | Got a serpentine rune of Zot
 27466 | D:5      | Killed SamuraiZach's ghost
 27628 | D:11     | Killed Ge0ff's ghost
 28208 | Snake:3  | Killed Rifaon's ghost
 28558 | D:15     | Killed Roojamal's ghost
 28565 | D:15     | Got a smouldering leather armour
 28776 | Vaults:1 | Entered Level 1 of the Vaults
 29183 | Snake:2  | Bought a +4 ring of slaying for 1326 gold pieces
 29505 | Vaults:1 | Reached skill level 15 in Dodging
 29591 | Vaults:1 | Reached XP level 19. HP: 175/175 MP: 23/23
 29866 | Vaults:1 | Noticed Aizul
 29877 | Vaults:1 | Killed Aizul
 30542 | Vaults:2 | Noticed Saint Roka
 30556 | Vaults:2 | Noticed Nikola
 30577 | Vaults:2 | Killed Saint Roka
 30587 | Vaults:2 | Killed Nikola
 30749 | Vaults:2 | Reached skill level 19 in Axes
 31370 | Vaults:2 | Acquired a +2 pair of boots of running
 31846 | Vaults:3 | Reached XP level 20. HP: 185/190 MP: 24/24
 31955 | Vaults:3 | Reached skill level 20 in Axes
 32268 | Vaults:3 | Found a staircase to the Crypt.
 32395 | Vaults:3 | Reached skill level 15 in Fighting
 32921 | Vaults:4 | Found Dicox's Distillery.
 32925 | Vaults:4 | Bought a potion of resistance for 190 gold pieces
 32929 | Vaults:4 | Found Joluqu Wikk's General Store.
 32937 | Vaults:4 | Bought a scroll of fog for 30 gold pieces
 32937 | Vaults:4 | Bought a potion of heal wounds for 75 gold pieces
 32959 | Vaults:4 | Found Rehar's Gadget Shop.
 33138 | Vaults:4 | Got a bound wooden ring
 33140 | Vaults:4 | Identified the ring of Duseoxil {rC- MP+9 Int+4 Dex+6} (You
                  | found it on level 4 of the Vaults)
 33621 | Vaults:4 | Found a portal to a secret trove of treasure.
 34064 | Vaults:5 | Entered Level 5 of the Vaults
 34165 | Vaults:5 | Reached XP level 21. HP: 201/201 MP: 25/25
 34500 | Vaults:5 | Got a masterwork ring mail
 34503 | Vaults:5 | Got a dazzling ring mail
 34542 | Vaults:5 | Identified the +10 arbalest "Jed Bil" {elec, MP+9}
 34645 | Vaults:5 | Noticed an ancient lich
 34660 | Vaults:5 | Killed an ancient lich
 34827 | Vaults:5 | Got a silver rune of Zot
 34896 | Vaults:5 | Noticed an ancient lich
 34907 | Vaults:5 | Killed an ancient lich
 35260 | Vaults:5 | Identified the amulet of Qamoh {Regen+ Dex+8} (You found it
                  | on level 5 of the Vaults)
 35779 | Snake:2  | Bought a potion of mutation for 136 gold pieces
 35779 | Snake:2  | Bought a potion of might for 68 gold pieces
 35779 | Snake:2  | Bought a potion of heal wounds for 85 gold pieces
 35836 | Snake:3  | Bought a potion of heal wounds for 185 gold pieces
 35874 | Snake:4  | Bought a runed cloak for 307 gold pieces
 35874 | Snake:4  | Bought a tubular diamond ring for 205 gold pieces
 36140 | Depths:1 | Entered Level 1 of the Depths
 36176 | Depths:2 | Reached XP level 22. HP: 210/210 MP: 26/26
 36338 | Depths:2 | Found a gateway to Hell.
 36658 | Depths:4 | Found a one-way gate to the infinite horrors of the Abyss.
 36659 | Depths:4 | Found a one-way gate leading to the halls of Pandemonium.
 37340 | Depths:5 | Entered Level 5 of the Depths
 37699 | Depths:5 | Noticed a golden dragon
 37719 | Depths:5 | Killed a golden dragon
 38073 | Depths:5 | Reached XP level 23. HP: 168/222 MP: 27/27
 38298 | Depths:5 | Found a gate to the Realm of Zot.
 38558 | Zot:1    | Entered Level 1 of the Realm of Zot
 38748 | Zot:3    | Noticed a curse toe
 38765 | Zot:3    | Killed a curse toe
 38947 | Zot:4    | Noticed a curse toe
 38960 | Zot:4    | Killed a curse toe
 38997 | Zot:5    | Entered Level 5 of the Realm of Zot
 39319 | Zot:5    | Reached XP level 24. HP: 235/243 MP: 26/26
 39743 | Zot:5    | Noticed a Killer Klown
 39776 | Zot:5    | Killed a Killer Klown
 39965 | Zot:5    | Noticed an ancient lich
 40007 | Zot:5    | Killed an ancient lich
 40022 | Zot:5    | Noticed a Killer Klown
 40072 | Zot:5    | Killed a Killer Klown
 40072 | Zot:5    | Reached skill level 21 in Axes
 40818 | Zot:5    | Noticed an orb of fire
 40826 | Zot:5    | Noticed an orb of fire
 40832 | Zot:5    | Gained mutation: Your spells are a little easier to cast,
                  | but a little less powerful. [an orb of fire]
 40833 | Zot:5    | Gained mutation: You are dopey. (Int -2) [an orb of fire]
 40845 | Zot:5    | Killed an orb of fire
 40845 | Zot:5    | Gained mutation: You tend to lose your temper in combat.
                  | [an orb of fire]
 40854 | Zot:5    | Killed an orb of fire
 40855 | Zot:5    | Lost mutation: Your spells are a little easier to cast, but
                  | a little less powerful. [potion of mutation]
 40855 | Zot:5    | Lost mutation: You tend to lose your temper in combat.
                  | [potion of mutation]
 40855 | Zot:5    | Gained mutation: You have a pair of small antennae on your
                  | head. [potion of mutation]
 40855 | Zot:5    | Gained mutation: You are resistant to hostile enchantments.
                  | (MR+) [potion of mutation]
 40856 | Zot:5    | Lost mutation: You are dopey. (Int -2) [potion of mutation]
 40856 | Zot:5    | Lost mutation: You have a pair of small antennae on your
                  | head. [potion of mutation]
 40856 | Zot:5    | Gained mutation: You evolve. [potion of mutation]
 40856 | Zot:5    | Gained mutation: You are surrounded by a mild repulsion
                  | field. (EV +2) [potion of mutation]
 40856 | Zot:5    | Gained mutation: You have large cloven feet. [potion of
                  | mutation]
 40883 | Zot:5    | Noticed an orb of fire
 40894 | Zot:5    | Noticed a Killer Klown
 40895 | Zot:5    | Noticed an orb of fire
 40896 | Zot:5    | Noticed an orb of fire
 40896 | Zot:5    | Gained mutation: You tend to lose your temper in combat.
                  | [an orb of fire]
 40905 | Zot:5    | Gained mutation: You are partially covered in yellow
                  | scales. (AC +2) [an orb of fire]
 40906 | Zot:5    | Gained mutation: You are dopey. (Int -2) [an orb of fire]
 40908 | Zot:5    | Killed an orb of fire
 40923 | Zot:5    | Killed an orb of fire
 40923 | Zot:5    | Reached skill level 22 in Axes
 40923 | Zot:5    | Gained mutation: Your spells are a little easier to cast,
                  | but a little less powerful. [an orb of fire]
 40928 | Zot:5    | Gained mutation: You often lose your temper in combat. [an
                  | orb of fire]
 40935 | Zot:5    | Killed a Killer Klown
 40946 | Zot:5    | Gained mutation: You are very dopey. (Int -4) [an orb of
                  | fire]
 40947 | Zot:5    | Killed an orb of fire
 41068 | Zot:5    | Reached skill level 23 in Axes
 41086 | Zot:5    | Lost mutation: You are resistant to hostile enchantments.
                  | (MR+) [potion of mutation]
 41086 | Zot:5    | Lost mutation: Your spells are a little easier to cast, but
                  | a little less powerful. [potion of mutation]
 41086 | Zot:5    | Lost mutation: You are surrounded by a mild repulsion
                  | field. (EV +2) [potion of mutation]
 41086 | Zot:5    | Gained mutation: You are frail. (-10% HP) [potion of
                  | mutation]
 41086 | Zot:5    | Gained mutation: You are mostly covered in yellow scales.
                  | (AC +3) [potion of mutation]
 41087 | Zot:5    | Lost mutation: You have large cloven feet. [potion of
                  | mutation]
 41087 | Zot:5    | Lost mutation: You often lose your temper in combat.
                  | [potion of mutation]
 41087 | Zot:5    | Gained mutation: Your body sometimes deteriorates upon
                  | taking damage. [potion of mutation]
 41087 | Zot:5    | Gained mutation: You expend magic power (3 MP) to
                  | strengthen your wands. [potion of mutation]
 41087 | Zot:5    | Gained mutation: You rapidly evolve. [potion of mutation]
 41088 | Zot:5    | Lost mutation: You are very dopey. (Int -4) [potion of
                  | mutation]
 41088 | Zot:5    | Lost mutation: You expend magic power (3 MP) to strengthen
                  | your wands. [potion of mutation]
 41088 | Zot:5    | Lost mutation: You tend to lose your temper in combat.
                  | [potion of mutation]
 41088 | Zot:5    | Lost mutation: You are dopey. (Int -2) [potion of mutation]
 41088 | Zot:5    | Gained mutation: You have sharp toenails. [potion of
                  | mutation]
 41088 | Zot:5    | Gained mutation: Armour fits poorly on your strangely
                  | shaped body. [potion of mutation]
 41088 | Zot:5    | Gained mutation: You are completely covered in yellow
                  | scales. (AC +4, rCorr) [potion of mutation]
 41123 | Zot:5    | Got the Orb of Zot
 41187 | Zot:5    | Noticed Ceepneth the pandemonium lord
 41198 | Zot:5    | Lost mutation: Your body sometimes deteriorates upon taking
                  | damage. [evolution]
 41237 | Zot:3    | Noticed Fitoekkugh the pandemonium lord
 41264 | Zot:1    | Reached XP level 25. HP: 210/226 MP: 26/26
 41430 | D:15     | Noticed Viet the pandemonium lord
 41435 | D:15     | Noticed Boodi the pandemonium lord
 41742 | D:$      | Escaped with the Orb!
